AoeStats
← Lord_Lannister_king

Arabia

508520195Analyzed
1v1 RM · 11d ago on Sep 22, 2026· 52m 15s· 2 players
Game mode
Random Map
Map size
Tiny (2 player)
Population
200
Speed
Normal
Resources
Standard
Victory
Conquest
Starting age
Dark Age
Ending age
Imperial Age
RankedLock teamsTeams togetherTeam positionsShared explorationLock speedFull tech treeHidden civsTurbo modeCheats
Victory
Defeat
🇦🇷 Malians · Argentina
1226
+17
🇨🇭 Mongols · Switzerland
1239
-17
Chuleitor2000
6:43 Loom
9:39 Feudal Age
9:56 Man-at-Arms
11:11 Arson
13:23 Forging
14:31 Scale Mail Armor
19:04 Scale Barding Armor
20:08 Bloodlines
23:51 Castle Age
23:04 Double-Bit Axe
25:43 Fletching
28:21 Chain Barding Armor
33:42 Husbandry
33:51 Bodkin Arrow
39:26 Iron Casting
48:24 Imperial Age
50:48 Chemistry
49:41 Cavalier
51:21 Plate Barding Armor
Lord_Lannister_king
7:11 Loom
9:09 Feudal Age
10:00 Double-Bit Axe
16:43 Fletching
16:53 Padded Archer Armor
22:51 Gold Mining
25:23 Castle Age
23:47 Horse Collar
26:14 Bow Saw
26:08 Heavy Plow
26:44 Wheelbarrow
25:52 Crossbowman
26:30 Bodkin Arrow
26:51 Leather Archer Armor
31:30 Thumb Ring
34:52 Ballistics
36:52 Hand Cart
36:22 Town Watch
45:06 Imperial Age
42:38 Town Patrol
46:07 Gold Shaft Mining
45:35 Capped Ram
46:43 Arbalester
48:44 Bracer
49:36 Siege Ram
Connection lost

Rejoining the realm…

Still unreachable

The connection could not be restored.

Session expired

The server has moved on; the page needs a fresh start.